 Dungeon Crawl Stone Soup version 0.26-a0-708-g17f3b190f9 (webtiles) character file.

Game seed: 3157082788035434021

7506 Seacu the Covert (level 10, -3/47 HPs)
             Began as a Felid Venom Mage on Oct 27, 2020.
             Was the Champion of Ru.
             Slain by a vampire mosquito (7 damage)
             ... on level 14 of the Dungeon on Oct 28, 2020.
             The game lasted 04:13:51 (22176 turns).

Seacu the Covert (Felid Venom Mage)                Turns: 22176, Time: 04:13:54

Health: -3/47      AC:  2    Str:  6    XL:     10   Next: 95%
Magic:  0/30       EV: 25    Int: 18    God:    Ru [******]
Gold:   245        SH:  0    Dex: 17    Spells: 2/23 levels left
                                        Lives:  0   Deaths: 3

rFire    . . .     SeeInvis +     - Unarmed
rCold    . . .     Faith    .   (shield unavailable)
rNeg     . . .     Spirit   +   (armour unavailable)
rPois    .         Reflect  .   (helmet unavailable)
rElec    .         Harm     .   (cloak unavailable)
rCorr    .         Rampage  .   (gloves unavailable)
MR       +....                  (boots unavailable)
Stlth    +++++.....             j - amulet of guardian spirit
HPRegen  0.15/turn              (ring unavailable)
MPRegen  0.22/turn              f - ring of magical power

@: lightly drained, quick
A: very small, no armour, no weapons or thrown items, stealth, claws 1, fangs 3,
see invisible, speed 1, shaggy fur 2, missing a hand, inability to use devices,
hated by all, no air magic, no hexes magic, no translocations magic, sharp paws
a: Draw Out Power, Power Leap, Apocalypse, Renounce Religion


You were on level 14 of the Dungeon.
You worshipped Ru.
Ru was exalted by your worship.
You visited 2 branches of the dungeon, and saw 15 of its levels.
You also visited: Ossuary.

You collected 645 gold pieces.
You spent 400 gold pieces at shops.

Inventory:

Jewellery
 b - an uncursed amulet of the acrobat
 e - an uncursed ring of resist corrosion
 f - a ring of magical power (right paw)
 h - an uncursed ring of protection from cold
 i - an uncursed ring of flight
 j - an amulet of guardian spirit (around neck)
 l - an uncursed ring of fire
Scrolls
 c - a scroll of random uselessness
 d - 4 scrolls of remove curse
 k - a scroll of identify
 o - a scroll of teleportation
 q - a scroll of torment
 u - a scroll of magic mapping
Potions
 a - 5 potions of magic
 g - a potion of curing
 m - 2 potions of flight


   Skills:
 - Level 7.3(6.7) Fighting
 - Level 10.1(9.5) Dodging
 - Level 11.0(10.4) Stealth
 - Level 7.2(6.6) Unarmed Combat
 - Level 7.0(6.4) Spellcasting
 - Level 6.2(5.6) Conjurations
 - Level 8.1(7.5) Transmutations
 + Level 0.0 Fire Magic
 - Level 5.0(4.4) Poison Magic


You had 2 spell levels left.
You knew the following spells:

 Your Spells              Type           Power        Failure   Level
a - Sting                 Tmut/Pois      ####         1%          1
b - Conjure Flame         Conj/Fire      ###.....     11%         3
c - Ignite Poison         Fire/Tmut/Pois ###.....     7%          3
d - Mephitic Cloud        Conj/Pois/Air  ###.....     9%          3
e - Magic Dart            Conj           ####         1%          1
f - Call Imp              Summ           #.......     17%         2
g - Wereblood             Tmut           ####....     1%          2
h - Blade Hands           Tmut           ####......   14%         5
i - Foxfire               Conj/Fire      ###.         3%          1

Your spell library contained the following spells:

 Spells                   Type           Power        Failure   Level
 Beastly Appendage        Tmut           ####..       1%          1
 Spider Form              Tmut/Pois      ####......   3%          3
 Olgreb's Toxic Radiance  Pois           ###.....     19%         4
 Ice Form                 Ice/Tmut       ###.....     24%         4
 Sticky Flame             Conj/Fire      ###.....     34%         4
 Fireball                 Conj/Fire      ###.......   69%         5
 Poisonous Vapours        Pois/Air       Unusable     N/A         2
 Blink                    Tloc           Unusable     N/A         2
 Slow                     Hex            Unusable     N/A         2
 Inner Flame              Hex/Fire       Unusable     N/A         3

Dungeon Overview and Level Annotations

Branches:
Dungeon (14/15)            Temple (1/1) D:6            Lair (0/6) D:11
    Orc (0/2) D:10         Vaults (0/5) D:14        Ossuary (visited)

Altars:
Ashenzari
Cheibriados
Dithmenos
Elyvilon
Fedhas
Gozag
Hepliaklqana
Kikubaaqudgha
Makhleb
Nemelex Xobeh
Okawaru
Qazlal
Ru
Sif Muna
Trog
Uskayaw
Vehumet
Wu Jian
Xom
Yredelemnul
Zin
The Shining One

Shops:
D:6 [   D:7 :   D:8 [   D:9 (   D:13 :

Annotations:
D:2 1 runed translucent door, Crazy Yiuf
D:7 2 transporters
D:9 3 runed translucent doors, Din Kuso's ghost, journeyman OpEE; Erumm's ghost, novice GrFE; Pilade's ghost, journeyman OgAM


Innate Abilities, Weirdness & Mutations

You cannot wear armour.
You are incapable of wielding weapons or throwing items.
Your paws allow you to move quietly. (Stealth)
You have sharp claws.
You have razor-sharp teeth.
You have supernaturally acute eyesight. (SInv)
You cover ground quickly.
You are covered in thick fur. (AC +2)
You are missing a hand.
You cannot study or use magical devices.
You are hated by all.
You cannot study or cast Air magic.
You cannot study or cast Hexes magic.
You cannot study or cast Translocations magic.
Your sharp claws are effective at attacking unaware monsters.


Message History

Found 21 gold pieces.
As you read the scroll of fog, it crumbles to dust.
The scroll dissolves into smoke.
The vampire mosquito barely misses you. The vampire mosquito bites you.
The vampire mosquito draws strength from your injuries!
The vampire mosquito buzzes angrily.
There is an open door here.
The vampire mosquito misses you. The vampire mosquito bites you!
* * * LOW HITPOINT WARNING * * *
The vampire mosquito draws strength from your injuries!
The basilisk hisses angrily.
The basilisk begins to attack, but is stunned by your will!
Found a scroll of identify.
You open the door. The vampire mosquito bites you!
* * * LOW HITPOINT WARNING * * *
The vampire mosquito draws strength from your injuries!
The vampire mosquito completely misses you.
The basilisk begins to attack, but is stunned by your will!
The vampire mosquito bites you!
You die...

####y#
#§...# #
#§#### #
##§# # #§§#
# ##§## #
#§§§§ #
#yl§§ #
#@y§§. #
#.'$.....?.
#
###.........
'.∩.#
#.........
#...#
######+###
#...# # ..#
# ### #


You could see a basilisk and 2 vampire mosquitoes.

Vanquished Creatures
  A boulder beetle (D:12)
  A centaur warrior (D:13)
  2 two-headed ogres
  Nergalle (D:10)
  Pikel (D:9)
  A wizard (D:14)
  A necromancer (D:14)
  4 ugly things
  2 deep elf magi
  A cyclops (D:12)
  A manticore (D:11)
  Psyche (D:12)
  Joseph (D:8)
  Maggie (D:9)
  A hornet (D:12)
  4 trolls
  Grinder (D:6)
  3 slime creatures (D:13)
  2 shadows (D:11)
  2 wyverns
  3 wraiths
  3 yaks
  A steam dragon (D:11)
  Grum (D:9)
  A vampire mosquito (D:11)
  2 wargs (D:10)
  2 water moccasins (D:11)
  A sky beast (D:13)
  3 orc warriors
  2 ice beasts
  4 phantoms
  6 ogres
  5 black bears
  2 necrophages (D:8)
  A wolf (D:9)
  4 centaurs
  A lemure (D:9)
  3 big kobolds
  11 bullfrogs
  A wyvern skeleton (D:9)
  4 scorpions
  10 howler monkeys
  4 wights (D:9)
  2 bullfrog zombies (D:10)
  3 quasits
  3 hounds
  2 centaur zombies
  4 jellies
  2 bullfrog skeletons (D:12)
  9 orc priests
  A centaur skeleton (D:12)
  6 iguanas
  11 orc wizards
  8 worker ants
  A killer bee zombie (D:7)
  A hound skeleton (D:7)
  4 worker ant zombies
  18 adders
  A shadow imp (D:6)
  A white imp (D:10)
  An ooze (D:3)
  2 adder zombies
  An adder skeleton (D:7)
  5 worms
  4 dart slugs
  3 leopard geckos
  30 orcs
  A ball python (D:3)
  8 giant cockroaches
  2 goblins (D:1)
  4 hobgoblins
  3 jackals (D:8)
  20 kobolds
  3 quokkas
  13 bats
  A frilled lizard (D:1)
  A quokka zombie (D:6)
  3 rats (D:3)
289 creatures vanquished.

Vanquished Creatures (collateral kills)
  A wolf (D:9)
  A quasit (D:9)
2 creatures vanquished.

Vanquished Creatures (others)
  Urug (D:12)
  A phantom (D:11)
  A water moccasin skeleton (D:8)
  An orc wizard (D:8)
  2 foxfires (D:14)
  46 fungi (D:11)
  56 plants
  4 withered plants (D:9)
112 creatures vanquished.

Grand Total: 403 creatures vanquished

Notes
Turn   | Place    | Note
-------+----------+-------------------------------------------
     0 | D:1      | Seacu the Felid Venom Mage began the quest for the Orb.
     0 | D:1      | Reached XP level 1. HP: 7/7 MP: 4/4
   352 | D:1      | Reached XP level 2. HP: 11/11 MP: 3/6
   712 | D:1      | Learned a level 2 spell: Poisonous Vapours
  1369 | D:2      | Found a sparkling altar of Nemelex Xobeh.
  1400 | D:2      | Reached XP level 3. HP: 15/15 MP: 5/7
  1605 | D:2      | Reached skill level 1 in Unarmed Combat
  1655 | D:2      | Found a runed translucent door.
  1656 | D:2      | Noticed Crazy Yiuf
  1677 | D:2      | Found an ancient bone altar of Kikubaaqudgha.
  1699 | D:2      | Reached skill level 3 in Stealth
  1704 | D:2      | Learned a level 3 spell: Ignite Poison
  1725 | D:2      | Reached skill level 1 in Fighting
  2618 | D:3      | Reached XP level 4. HP: 9/19 MP: 8/8
  3888 | D:4      | Reached XP level 5. HP: 22/22 MP: 9/9
  3910 | D:4      | Reached skill level 5 in Dodging
  4123 | D:4      | Found a sand-covered staircase.
  4133 | Ossuary  | Entered an ossuary
  4181 | D:4      | Gained mutation: You are covered in thick fur. (AC +2)
                  | [Felid growth]
  4181 | D:4      | Reached XP level 6. HP: 21/25 MP: 10/10
  4193 | D:4      | Found a glowing golden altar of the Shining One.
  4560 | D:5      | Entered Level 5 of the Dungeon
  4965 | D:5      | Reached skill level 4 in Stealth
  5044 | D:5      | Killed from afar by an orc wizard
  5045 | D:5      | Reached XP level 5. HP: 0/22 MP: 16/18
  5166 | D:5      | Reached skill level 5 in Stealth
  5249 | D:5      | Noticed an ogre
  5273 | D:5      | Killed an ogre
  5273 | D:5      | Reached XP level 6. HP: 27/27 MP: 10/10
  5520 | D:5      | Noticed an ice beast
  5636 | D:5      | Found a glowing silver altar of Zin.
  5745 | D:5      | Killed an ice beast
  5861 | D:5      | Reached skill level 6 in Stealth
  5861 | D:5      | Reached XP level 7. HP: 31/31 MP: 11/11
  6234 | D:6      | Found a staircase to the Ecumenical Temple.
  6276 | Temple   | Entered the Ecumenical Temple
  6438 | Temple   | Became a worshipper of Ru the Awakened
  6696 | D:6      | Noticed Grinder
  6709 | D:6      | Paralysed by Grinder for 3 turns
  6724 | D:6      | Paralysed by Grinder for 5 turns
  6755 | D:6      | Killed Grinder
  6755 | D:6      | Reached skill level 8 in Stealth
  7375 | D:6      | Reached XP level 8. HP: 27/35 MP: 13/13
  7512 | D:6      | Learned a level 3 spell: Mephitic Cloud
  7812 | D:6      | Found Laep's Armour Shop.
  7973 | D:6      | Found a shadowy altar of Dithmenos.
  8068 | D:7      | Found Tiskuan's Book Emporium.
  8413 | D:7      | Found a transporter.
  8416 | D:7      | Found a transporter.
  8494 | D:7      | Found a sparkling altar of Nemelex Xobeh.
  8510 | D:7      | Gained mutation: You cannot study or use magical devices.
                  | [Ru sacrifice]
  8510 | D:7      | Reached * piety under Ru
  8510 | D:7      | Reached ** piety under Ru
  8952 | D:7      | Learned a level 1 spell: Magic Dart
  8955 | D:7      | Learned a level 2 spell: Call Imp
  9005 | D:7      | Reached skill level 1 in Conjurations
  9134 | D:8      | Noticed Joseph
  9189 | D:8      | Killed Joseph
  9485 | D:8      | Reached XP level 9. HP: 39/39 MP: 15/16
  9905 | D:8      | Reached skill level 1 in Air Magic
  9932 | D:8      | Found Geomi's Antique Armour Shop.
 10068 | D:8      | Noticed a two-headed ogre
 10378 | D:8      | Found a shimmering blue altar of Sif Muna.
 10799 | D:8      | Found a sparkling altar of Nemelex Xobeh.
 10799 | D:8      | Found a stormy altar of Qazlal.
 10931 | D:9      | Noticed a two-headed ogre
 10944 | D:9      | Killed a two-headed ogre
 10944 | D:9      | Reached skill level 5 in Fighting
 10944 | D:9      | Reached skill level 5 in Unarmed Combat
 10944 | D:9      | Reached skill level 5 in Spellcasting
 11051 | D:9      | Noticed a troll
 11095 | D:9      | Killed a troll
 11412 | D:9      | Found a runed translucent gate.
 11412 | D:9      | Found a runed translucent gate.
 11412 | D:9      | Noticed Erumm's ghost (novice GrFE)
 11413 | D:9      | Found a runed translucent gate.
 11413 | D:9      | Noticed Din Kuso's ghost (journeyman OpEE)
 11418 | D:9      | Noticed Pilade's ghost (journeyman OgAM)
 11644 | D:9      | Reached XP level 10. HP: 27/44 MP: 14/19
 11839 | D:9      | Noticed Maggie
 11858 | D:9      | Killed Maggie
 12092 | D:9      | Found Inifiluh's Weapon Shop.
 12464 | D:9      | Noticed Grum
 12476 | D:9      | Killed Grum
 12670 | D:9      | Gained mutation: You are hated by all. [Ru sacrifice]
 12670 | D:9      | Reached *** piety under Ru
 12804 | D:9      | Noticed Pikel
 12853 | D:9      | Killed Pikel
 13136 | D:10     | Entered Level 10 of the Dungeon
 13178 | D:10     | Noticed Nergalle
 13199 | D:10     | Killed Nergalle
 13315 | D:10     | Found a staircase to the Orcish Mines.
 14190 | D:10     | Reached skill level 9 in Stealth
 15039 | D:8      | Killed a two-headed ogre
 15039 | D:8      | Reached skill level 10 in Stealth
 15088 | D:7      | Bought a book of Changes for 400 gold pieces
 15161 | D:11     | Reached skill level 11 in Stealth
 15165 | D:11     | Reached XP level 11. HP: 48/48 MP: 21/21
 15187 | D:11     | Found a staircase to the Lair.
 15264 | D:11     | Noticed a cyan ugly thing
 15328 | D:11     | Killed a cyan ugly thing
 16131 | D:11     | Reached skill level 5 in Transmutations
 16559 | D:11     | Learned a level 2 spell: Wereblood
 16808 | D:11     | Gained mutation: You cannot study or cast Air magic. [Ru
                  | sacrifice]
 16808 | D:11     | Gained mutation: You cannot study or cast Hexes magic. [Ru
                  | sacrifice]
 16808 | D:11     | Gained mutation: You cannot study or cast Translocations
                  | magic. [Ru sacrifice]
 16808 | D:11     | Reached **** piety under Ru
 17369 | D:12     | Noticed a boulder beetle
 17382 | D:12     | Noticed a white ugly thing
 17509 | D:11     | Upgraded the game from 0.26-a0-707-g31817bcca1 to
                  | 0.26-a0-708-g17f3b190f9
 17808 | D:11     | Killed a white ugly thing
 17808 | D:11     | Reached skill level 5 in Conjurations
 18115 | D:12     | Reached skill level 5 in Poison Magic
 18167 | D:12     | Killed a boulder beetle
 18383 | D:12     | Noticed Psyche
 18405 | D:12     | Noticed a deep elf mage
 18419 | D:12     | Noticed a white ugly thing
 18738 | D:12     | HP: 1/48 [white ugly thing (18)]
 18739 | D:12     | Mangled by a white ugly thing
 18740 | D:12     | Reached XP level 10. HP: -7/45 MP: 0/30
 18741 | D:12     | Killed a white ugly thing
 18761 | D:12     | Noticed a cyclops
 18920 | D:12     | Killed a cyclops
 18927 | D:12     | Learned a level 5 spell: Blade Hands
 18934 | D:12     | Killed Psyche
 19279 | D:12     | Killed a deep elf mage
 19279 | D:12     | Reached XP level 11. HP: 48/48 MP: 22/22
 19596 | D:12     | Noticed Urug
 19718 | D:12     | Killed Urug
 19756 | D:12     | Noticed a green ugly thing
 19768 | D:12     | Killed a green ugly thing
 20127 | D:13     | Found Rircho's Book Emporium.
 20700 | D:13     | Noticed a deep elf mage
 20702 | D:13     | Reached skill level 10 in Dodging
 20710 | D:13     | Killed a deep elf mage
 21010 | D:13     | Noticed a centaur warrior
 21013 | D:13     | Noticed a red ugly thing
 21256 | D:13     | Killed a centaur warrior
 21472 | D:13     | Mangled by a red ugly thing
 21473 | D:13     | Reached XP level 10. HP: -6/45 MP: 0/30
 21502 | D:13     | Learned a level 3 spell: Conjure Flame
 21907 | D:13     | Gained mutation: You are missing a hand. [Ru sacrifice]
 21907 | D:13     | Reached ***** piety under Ru
 21907 | D:13     | Reached ****** piety under Ru
 22108 | D:14     | Learned a level 1 spell: Foxfire
 22111 | D:14     | Noticed a wizard
 22117 | D:14     | Killed a wizard
 22117 | D:14     | Found a gate to the Vaults.
 22118 | D:14     | Noticed a necromancer
 22121 | D:14     | Noticed a wizard
 22124 | D:14     | Killed a necromancer
 22176 | D:14     | Slain by a vampire mosquito

Illustrated notes

Levels and vault maps discovered:
D:1:      kilobyte_arrival_exit_the_forest, layout_basic
D:2:      layout_loops_corners, nicolae_overflow_crystal_walls,
          minmay_misc_feat_iff, nemelex_xobeh_ov_fountains_minmay,
          uniq_crazy_yiuf_cottage
D:3:      layout_loops_ring
D:4:      layout_cave_pools, kennysheep_mini, nicolae_ossuary_entry_monument
D:5:      layout_basic, marbit_many_paths
D:6:      layout_basic, minmay_temple_entry_slanted, serial_shops, shop,
          grunt_dithmenos_shadows, uniq_grinder
D:7:      layout_basic, gammafunk_ghost_gnarly_gnolls, serial_shops,
          nicolae_shop_statue_plus, basic_altar
D:8:      layout_loops_ring, gammafunk_temple_overflow_statue, serial_shops,
          shop, basic_altar, uniq_joseph
D:9:      layout_loops_cross, serial_shops, shop, gammafunk_ghost_cemetery,
          feat_on_display, uniq_pikel, uniq_maggie, uniq_grum
D:10:     layout_roguey, minmay_orc_entry_guard_dogs, uniq_nergalle
D:11:     layout_roguey, due_lair_maze_entry_diamond
D:12:     layout_grid_maze, minivault_27, evilmike_butchery, uniq_urug,
          uniq_psyche
D:13:     layout_loops_cross, serial_shops, shop, due_unseen_surprise
D:14:     layout_roguey, david_vaults_1
Temple:   nicolae_temple_elliptical

Skill      XL: |  1  2  3  4  5  6  7  8  9 10 11 |
---------------+----------------------------------+-----
Dodging        | 3 4 5 6 7 10 | 10.1
Poison Magic   | 3 4 5 |  5.0
Unarmed Combat | 1 2 4 5 6 7 |  7.2
Stealth        | 3 5 6 8 11 | 11.0
Fighting       | 1 2 3 4 5 7 |  7.3
Spellcasting   | 4 5 6 7 |  7.0
Conjurations   | 1 3 6 5 |  6.2
Summonings     | 3 0 |  0.0
Air Magic      | 3 0 |  0.0
Transmutations | 7 8 |  8.1

Action                   |  1- 3 |  4- 6 |  7- 9 | 10-12 || total
-------------------------+-------+-------+-------+-------++-------
Melee: Unarmed           |    82 |    57 |   173 |   301 ||   613
       Bite              |     8 |     8 |    14 |    22 ||    52
       Punch             |       |       |     4 |     2 ||     6
 Cast: Sting             |    42 |   139 |    50 |    90 ||   321
       Poisonous Vapours |       |       |    86 |   169 ||   255
       Magic Dart        |       |       |    59 |   128 ||   187
       Call Imp          |       |       |     3 |     4 ||     7
       Conjure Flame     |       |       |       |    13 ||    13
       Blade Hands       |       |       |       |    18 ||    18
       Mephitic Cloud    |       |       |       |     1 ||     1
       Foxfire           |       |       |       |     1 ||     1
       Wereblood         |       |       |       |     2 ||     2
Invok: Sacrifice Artific |       |       |     1 |       ||     1
       Draw Out Power    |       |       |       |     4 ||     4
       Apocalypse        |       |       |       |     1 ||     1
       Sacrifice Love    |       |       |       |     1 ||     1
       Sacrifice a Hand  |       |       |       |     1 ||     1
       Power Leap        |       |       |       |     3 ||     3
       Sacrifice Arcana  |       |       |       |     1 ||     1
Evoke: Wand              |       |     1 |     9 |       ||    10
  Use: Scroll            |    11 |     3 |     4 |    19 ||    37
       Potion            |       |     5 |     7 |    13 ||    25
 Stab: Sleeping          |     9 |     3 |    15 |    18 ||    45
       Paralysed         |       |       |     2 |     1 ||     3
       Distracted        |       |       |       |     1 ||     1
       Invisible         |       |       |       |     1 ||     1
Armor: Skin              |     9 |     6 |    14 |    28 ||    57
Dodge: Dodged            |    77 |   115 |   300 |   383 ||   875

Table legend: (Time is in decaauts)
 A = Elapsed time spent in this place.
 B = Non-inter-level travel time spent in this place.
 C = Inter-level travel time spent in this place.
 D = Time resting spent in this place.
 E = Time spent auto-exploring this place.
 F = Levels seen in this place.
 G = Mean time per level.
                   A        B        C        D        E       F      G
               +--------+--------+--------+--------+--------+-----+--------+
         Total |  20096 |  18913 |   1183 |   6489 |   8301 |  16 | 1256.0 |
       Dungeon |  19886 |  18731 |   1155 |   6489 |   8254 |  14 | 1420.4 |
        Temple |    206 |    178 |     28 |      0 |     47 |   1 |  206.0 |
       Ossuary |      3 |      3 |      0 |      0 |      0 |   1 |    3.0 |
               +--------+--------+--------+--------+--------+-----+--------+

Top non-repeatable levels by time:
    D:11: 2521 daAuts
     D:9: 2457 daAuts
    D:12: 2406 daAuts
     D:8: 2044 daAuts
     D:6: 1744 daAuts
     D:5: 1392 daAuts
    D:13: 1366 daAuts
     D:3: 1317 daAuts
    D:10: 1080 daAuts
     D:1: 1067 daAuts
     D:2: 1057 daAuts
     D:7: 722 daAuts
     D:4: 585 daAuts
  Temple: 206 daAuts
    D:14: 122 daAuts
